NCAA
WEST VIRGINIA MOUNTAINEERS @ PURDUE BOILERMAKERS
05/11/2030
 
TOP OF THE 1ST
West Virginia Mountaineers batting - Pitching for Purdue Boilermakers : RHP Kelsey Payne
Pitching: RHP Kelsey Payne
Batting: LHB Eric Chávez 0-0: Bunt for hit - play at first, batter safe!
Batting: RHB Chris Smith 0-0: Foul Ball, location: 2F
0-1: Ball
1-1: Ball
2-1: Ball
3-1: SINGLE (Flyball, 7S)
Eric Chávez to second
Batting: RHB David Randall 0-0: Ball
1-0: Swinging Strike
1-1: Ball
2-1: Ball
3-1: Foul Ball, location: 2F
3-2: Base on Balls
Eric Chávez to third
Chris Smith to second
Batting: LHB Alden Collins 0-0: Called Strike
0-1: Ball
1-1: Ball
2-1: Ball
3-1: Base on Balls
Eric Chávez scores
Chris Smith to third
David Randall to second
Batting: LHB José Galindo 0-0: Ball
1-0: Foul Ball, location: 2F
1-1: Foul Ball, location: 2F
1-2: Ground out 4-3 (Groundball, 4MS)
Chris Smith scores
David Randall to third
Alden Collins to second
Batting: SHB George Murphy 0-0: Ground out 5-3 (Groundball, 56)
David Randall scores
Batting: RHB Jeffery Gordon 0-0: Called Strike
0-1: Swinging Strike
0-2: Ball
1-2: Strikes out swinging
Top of the 1st over - 3 runs, 2 hits, 0 errors, 1 left on base; West Virginia 3 - Purdue 0
BOTTOM OF THE 1ST
Purdue Boilermakers batting - Pitching for West Virginia Mountaineers : RHP Jacob Johnson
Pitching: RHP Jacob Johnson
Batting: RHB Aaron Baker 0-0: Called Strike
0-1: Ball
1-1: Swinging Strike
1-2: Strikes out looking
Batting: RHB Mark Jordan 0-0: Called Strike
0-1: Ball
1-1: Ball
2-1: Foul Ball, location: 2F
2-2: Foul Ball, location: 2F
2-2: Foul Ball, location: 2F
2-2: Ball
3-2: SINGLE (Groundball, 34D)
Batting: SHB Bryan Atkins 0-0: Called Strike
Mark Jordan steals 2nd base
0-1: Fly out, F3 (Popup, 3L)
Batting: RHB Reggie Calhoun 0-0: Fly out, F3 (Popup, 3S)
Bottom of the 1st over - 0 runs, 1 hit, 0 errors, 1 left on base; West Virginia 3 - Purdue 0
TOP OF THE 2ND
West Virginia Mountaineers batting - Pitching for Purdue Boilermakers : RHP Kelsey Payne
Batting: RHB Jeffrey Dunbar 0-0: Called Strike
0-1: Ball
1-1: DOUBLE (Line Drive, 9LM)
Batting: RHB Pancho Rodríguez 0-0: Foul Ball, location: 2F
0-1: SINGLE (Groundball, 6MD)
Jeffrey Dunbar to third
Batting: LHB Eric Chávez 0-0: Called Strike
0-1: Ball
1-1: Ball
2-1: SINGLE (Line Drive, 9S)
Jeffrey Dunbar scores
Pancho Rodríguez to second
Batting: RHB Chris Smith 0-0: Ball
1-0: Called Strike
1-1: SINGLE (Line Drive, 6D)
Pancho Rodríguez to third
Eric Chávez to second
Runner from 3rd tries for Home, SAFE, no throw
Batting: RHB David Randall 0-0: SINGLE (Groundball, 6D)
Eric Chávez to third
Chris Smith to second
Batting: LHB Alden Collins 0-0: Foul Ball, location: 2F
0-1: SINGLE (Line Drive, 9S)
Eric Chávez scores
Chris Smith to third
David Randall to second
Batting: LHB José Galindo 0-0: SINGLE (Line Drive, 4MD)
Chris Smith scores
David Randall to third
Alden Collins to second
Batting: SHB George Murphy 0-0: Ball
1-0: DOUBLE (Line Drive, 9D)
David Randall scores
Alden Collins scores
José Galindo to third
Runner from 3rd tries for Home, SAFE, no throw
Batting: RHB Jeffery Gordon 0-0: Called Strike
Balk!
George Murphy to third
0-1: Ball
1-1: Ground out 1-3 (Groundball, 13S)
Batting: RHB Jeffrey Dunbar Balk!
George Murphy scores
0-0: Ball
1-0: Called Strike
1-1: Fly out, F9 (Flyball, 9LM)
Batting: RHB Pancho Rodríguez 0-0: Foul Ball, location: 2F
0-1: Ball
1-1: Ball
2-1: Ball
3-1: Swinging Strike
3-2: Base on Balls
Batting: LHB Eric Chávez 0-0: Ball
1-0: Called Strike
1-1: Ball
2-1: Swinging Strike
2-2: Fly out, F4 (Line Drive, 4MD)
Top of the 2nd over - 8 runs, 8 hits, 0 errors, 1 left on base; West Virginia 11 - Purdue 0
BOTTOM OF THE 2ND
Purdue Boilermakers batting - Pitching for West Virginia Mountaineers : RHP Jacob Johnson
Batting: RHB Lee Justice 0-0: Foul Ball, location: 2F
0-1: Ball
1-1: Foul Ball, location: 2F
1-2: Ground out 1-3 (Groundball, 13S)
Batting: SHB Guy Chávez 0-0: Called Strike
0-1: Ball
1-1: Called Strike
1-2: Foul Ball, location: 2F
1-2: Strikes out swinging
Batting: LHB Norm St. John 0-0: Ball
1-0: Ball
2-0: Called Strike
2-1: Swinging Strike
2-2: Strikes out looking
Bottom of the 2nd over - 0 runs, 0 hits, 0 errors, 0 left on base; West Virginia 11 - Purdue 0
TOP OF THE 3RD
West Virginia Mountaineers batting - Pitching for Purdue Boilermakers : RHP Kelsey Payne
Batting: RHB Chris Smith 0-0: Called Strike
0-1: Fly out, F2 (Popup, 23F)
Batting: RHB David Randall 0-0: Fly out, F9 (Line Drive, 9D)
Batting: LHB Alden Collins 0-0: Ball
1-0: Ball
2-0: SINGLE (Flyball, 5D)
Batting: LHB José Galindo 0-0: Swinging Strike
0-1: Foul Ball, location: 2F
0-2: Strikes out swinging
Top of the 3rd over - 0 runs, 1 hit, 0 errors, 1 left on base; West Virginia 11 - Purdue 0
BOTTOM OF THE 3RD
Purdue Boilermakers batting - Pitching for West Virginia Mountaineers : RHP Jacob Johnson
Batting: RHB Dan Osborne 0-0: Ball
1-0: Ground out 4-3 (Groundball, 4)
Batting: RHB Bob Colbert 0-0: Swinging Strike
0-1: Swinging Strike
0-2: Foul Ball, location: 2F
0-2: Ball
1-2: Strikes out swinging
Batting: RHB Aaron Baker 0-0: Ball
1-0: Swinging Strike
1-1: Ball
2-1: Ground out 6-3 (Groundball, 6)
Bottom of the 3rd over - 0 runs, 0 hits, 0 errors, 0 left on base; West Virginia 11 - Purdue 0
TOP OF THE 4TH
West Virginia Mountaineers batting - Pitching for Purdue Boilermakers : RHP Kelsey Payne
Batting: SHB George Murphy 0-0: Swinging Strike
0-1: Ball
1-1: Called Strike
1-2: Ball
2-2: Strikes out swinging
Batting: RHB Jeffery Gordon 0-0: Ball
1-0: Ball
2-0: Foul Ball, location: 2F
2-1: Foul Ball, location: 2F
2-2: Foul Ball, location: 2F
2-2: Foul Ball, location: 2F
2-2: Foul Ball, location: 2F
2-2: Foul Ball, location: 2F
2-2: Ball
3-2: Base on Balls
Pitching: RHP Kel Phillips
Batting: RHB Jeffrey Dunbar 0-0: Called Strike
Jeffery Gordon steals 2nd base
0-1: Ball
1-1: Called Strike
1-2: Foul Ball, location: 2F
1-2: Strikes out looking
Batting: RHB Pancho Rodríguez 0-0: Called Strike
0-1: Called Strike
0-2: Ball
1-2: Strikes out looking
Top of the 4th over - 0 runs, 0 hits, 0 errors, 1 left on base; West Virginia 11 - Purdue 0
BOTTOM OF THE 4TH
Purdue Boilermakers batting - Pitching for West Virginia Mountaineers : RHP Jacob Johnson
Batting: RHB Mark Jordan 0-0: Foul Ball, location: 2F
0-1: Called Strike
0-2: Ball
1-2: Ball
2-2: Ball
3-2: Fly out, F7 (Flyball, 78M)
Batting: SHB Bryan Atkins 0-0: Called Strike
0-1: SINGLE (Line Drive, 9LM)
Batting: RHB Reggie Calhoun 0-0: Called Strike
0-1: Foul Ball, location: 2F
0-2: Ball
1-2: SINGLE (Line Drive, 6D)
Bryan Atkins to second
Batting: RHB Lee Justice 0-0: Ball
1-0: Ball
2-0: Ball
3-0: Called Strike
3-1: Called Strike
3-2: Base on Balls
Bryan Atkins to third
Reggie Calhoun to second
Batting: SHB Guy Chávez Balk!
Bryan Atkins scores
Reggie Calhoun to third
Lee Justice to second
0-0: Called Strike
0-1: Ball
1-1: DOUBLE (Line Drive, 7)
Reggie Calhoun scores
Lee Justice scores
Batting: LHB Norm St. John 0-0: Ball
1-0: Ball
2-0: Ball
3-0: Called Strike
3-1: Base on Balls
Batting: RHB Dan Osborne 0-0: Called Strike
0-1: Called Strike
0-2: Grounds into double play, 1-6-3 (Groundball, P)
Bottom of the 4th over - 3 runs, 3 hits, 0 errors, 1 left on base; West Virginia 11 - Purdue 3
TOP OF THE 5TH
West Virginia Mountaineers batting - Pitching for Purdue Boilermakers : RHP Kel Phillips
Batting: LHB Eric Chávez 0-0: Called Strike
0-1: Ball
1-1: Ball
2-1: Foul Ball, location: 2F
2-2: Strikes out swinging
Batting: RHB Chris Smith 0-0: Foul Ball, location: 2F
0-1: Swinging Strike
0-2: Ball
1-2: Ball
2-2: Strikes out swinging
Batting: RHB David Randall 0-0: Fly out, F8 (Flyball, 8LXD)
Top of the 5th over - 0 runs, 0 hits, 0 errors, 0 left on base; West Virginia 11 - Purdue 3
BOTTOM OF THE 5TH
Purdue Boilermakers batting - Pitching for West Virginia Mountaineers : RHP Jacob Johnson
Batting: RHB Bob Colbert 0-0: Foul Ball, location: 2F
0-1: Foul Ball, location: 2F
0-2: Ball
1-2: Foul Ball, location: 2F
1-2: Ball
2-2: Ground out 5-3 (Groundball, 5)
Batting: RHB Aaron Baker 0-0: Ball
1-0: Ball
2-0: Ground out 6-3 (Groundball, 6M)
Batting: RHB Mark Jordan 0-0: Foul Ball, location: 2F
0-1: Ground out 6-3 (Groundball, 6)
Bottom of the 5th over - 0 runs, 0 hits, 0 errors, 0 left on base; West Virginia 11 - Purdue 3
TOP OF THE 6TH
West Virginia Mountaineers batting - Pitching for Purdue Boilermakers : RHP Kel Phillips
Batting: LHB Alden Collins 0-0: Ball
1-0: Called Strike
1-1: SINGLE (Groundball, 6MD)
Batting: LHB José Galindo 0-0: Called Strike
0-1: Fielders Choice at 2nd, 4-6 (Groundball, 4)
Batting: SHB George Murphy 0-0: Ball
1-0: Fly out, F8 (Flyball, 8LD)
Batting: RHB Jeffery Gordon 0-0: Ball
1-0: Foul Ball, location: 2F
1-1: Ball
2-1: Fly out, F5 (Popup, 5SF)
Top of the 6th over - 0 runs, 1 hit, 0 errors, 1 left on base; West Virginia 11 - Purdue 3
BOTTOM OF THE 6TH
Purdue Boilermakers batting - Pitching for West Virginia Mountaineers : RHP Jacob Johnson
Pitching: LHP José Colón
Batting: SHB Bryan Atkins 0-0: Fly out, F7 (Flyball, 78S)
Batting: RHB Reggie Calhoun 0-0: Ball
1-0: SOLO HOME RUN (Flyball, 9D), Distance : 370 ft
Batting: RHB Lee Justice 0-0: Swinging Strike
0-1: Called Strike
0-2: Ground out 4-3 (Groundball, 4)
Batting: SHB Guy Chávez 0-0: Called Strike
0-1: Swinging Strike
0-2: Ball
1-2: Strikes out swinging
Bottom of the 6th over - 1 run, 1 hit, 0 errors, 0 left on base; West Virginia 11 - Purdue 4
TOP OF THE 7TH
West Virginia Mountaineers batting - Pitching for Purdue Boilermakers : RHP Kel Phillips
Batting: RHB Jeffrey Dunbar 0-0: Ball
1-0: Ball
2-0: Called Strike
2-1: Ball
3-1: Called Strike
3-2: Fly out, F4 (Line Drive, 4)
Batting: RHB Pancho Rodríguez 0-0: Ball
1-0: Ball
2-0: Foul Ball, location: 2F
2-1: Ball
3-1: Foul Ball, location: 2F
3-2: Base on Balls
Batting: LHB Eric Chávez 0-0: Called Strike
0-1: Ball
1-1: Ball
2-1: Swinging Strike
2-2: Strikes out swinging
Batting: RHB Chris Smith 0-0: Ball
Pickoff Throw to First - Error! E1
Pancho Rodríguez to second
1-0: Foul Ball, location: 2F
1-1: Swinging Strike
1-2: Ball
2-2: Strikes out swinging
Top of the 7th over - 0 runs, 0 hits, 1 error, 1 left on base; West Virginia 11 - Purdue 4
BOTTOM OF THE 7TH
Purdue Boilermakers batting - Pitching for West Virginia Mountaineers : LHP José Colón
Batting: LHB Norm St. John 0-0: Ball
1-0: Foul Ball, location: 2F
1-1: Foul Ball, location: 2F
1-2: Ball
2-2: Ball
3-2: Strikes out swinging
Batting: RHB Dan Osborne 0-0: Foul Ball, location: 2F
0-1: Ball
1-1: Swinging Strike
1-2: Foul Ball, location: 2F
1-2: Ball
2-2: Strikes out swinging
Batting: RHB Bob Colbert 0-0: Foul Ball, location: 2F
0-1: Ball
1-1: Swinging Strike
1-2: Strikes out looking
Bottom of the 7th over - 0 runs, 0 hits, 0 errors, 0 left on base; West Virginia 11 - Purdue 4
TOP OF THE 8TH
West Virginia Mountaineers batting - Pitching for Purdue Boilermakers : RHP Kel Phillips
Batting: RHB David Randall 0-0: SINGLE (Groundball, 34D)
Batting: LHB Alden Collins 0-0: Called Strike
0-1: Foul Ball, location: 2F
0-2: SINGLE (Flyball, 89S)
David Randall to second
Batting: LHB José Galindo 0-0: Ball
1-0: Ball
2-0: SINGLE (Groundball, 4MD)
David Randall to third
Alden Collins to second
Runner from 3rd tries for Home, SAFE, no throw
Pitching: RHP Todd Jackson
Batting: SHB George Murphy 0-0: Called Strike
0-1: Swinging Strike
0-2: Foul Ball, location: 2F
0-2: Strikes out swinging
Batting: RHB Jeffery Gordon 0-0: Called Strike
0-1: Fly out, F7 (Flyball, 7LD)
Batting: RHB Jeffrey Dunbar 0-0: SINGLE (Line Drive, 34D)
Alden Collins to third
José Galindo to second
Runner from 3rd tries for Home, SAFE, no throw
Batting: RHB Pancho Rodríguez 0-0: Ball
1-0: Swinging Strike
1-1: TRIPLE (Flyball, 89XD)
José Galindo scores
Jeffrey Dunbar scores
Batting: LHB Eric Chávez 0-0: Ball
1-0: Called Strike
1-1: Ball
2-1: Called Strike
2-2: Ball
3-2: Base on Balls
Batting: RHB Chris Smith 0-0: Ball
1-0: Foul Ball, location: 2F
1-1: Foul Ball, location: 2F
1-2: Strikes out swinging
Top of the 8th over - 4 runs, 5 hits, 0 errors, 2 left on base; West Virginia 15 - Purdue 4
BOTTOM OF THE 8TH
Purdue Boilermakers batting - Pitching for West Virginia Mountaineers : LHP José Colón
Batting: RHB Aaron Baker 0-0: Called Strike
0-1: Ball
1-1: Ball
2-1: Ball
3-1: Called Strike
3-2: Base on Balls
Batting: RHB Mark Jordan 0-0: Ball
Wild Pitch!
Aaron Baker to second
1-0: Ball
2-0: Ball
3-0: Base on Balls
Batting: SHB Bryan Atkins 0-0: Ball
1-0: Grounds into double play, 6-4-3 (Groundball, 56)
Aaron Baker to third
Batting: RHB Reggie Calhoun 0-0: Called Strike
0-1: Ball
1-1: Swinging Strike
1-2: Foul Ball, location: 2F
1-2: Foul Ball, location: 2F
1-2: Foul Ball, location: 2F
1-2: Ball
2-2: Strikes out swinging
Bottom of the 8th over - 0 runs, 0 hits, 0 errors, 1 left on base; West Virginia 15 - Purdue 4
TOP OF THE 9TH
West Virginia Mountaineers batting - Pitching for Purdue Boilermakers : RHP Todd Jackson
Pitching: RHP Ken Gardner
Batting: RHB David Randall 0-0: Called Strike
0-1: Foul Ball, location: 2F
0-2: Fly out, F4 (Popup, 13S)
Batting: LHB Alden Collins 0-0: SINGLE (Groundball, 4S) (infield hit)
Batting: LHB José Galindo 0-0: Ball
1-0: Ball
2-0: Called Strike
2-1: Foul Ball, location: 2F
2-2: Foul Ball, location: 2F
2-2: Strikes out swinging
Alden Collins steals 2nd base
Batter strikes out.
Batting: SHB George Murphy 0-0: Foul Ball, location: 2F
0-1: Foul Ball, location: 2F
0-2: Ball
1-2: Ball
2-2: Ball
3-2: Foul Ball, location: 2F
3-2: Strikes out swinging
Top of the 9th over - 0 runs, 1 hit, 0 errors, 1 left on base; West Virginia 15 - Purdue 4
BOTTOM OF THE 9TH
Purdue Boilermakers batting - Pitching for West Virginia Mountaineers : LHP José Colón
Now at C: Mark Thompson
Batting: RHB Lee Justice 0-0: Foul Ball, location: 2F
0-1: Ball
1-1: Ball
2-1: Fly out, F8 (Flyball, 8LM)
Batting: SHB Guy Chávez 0-0: Ball
1-0: Ball
2-0: Ball
3-0: Called Strike
3-1: Base on Balls
Batting: LHB Norm St. John 0-0: Ball
1-0: Ball
2-0: Ball
3-0: Base on Balls
Guy Chávez to second
Pitching: RHP Dave Young
Batting: RHB Dan Osborne 0-0: Foul Ball, location: 2F
0-1: Ball
1-1: Swinging Strike
1-2: Strikes out swinging
Pinch Hitting: LHB Danny Powell 0-0: Ball
1-0: Ball
2-0: Called Strike
2-1: SINGLE (Flyball, 9LS)
Guy Chávez to third
Norm St. John to second
Batting: RHB Aaron Baker 0-0: Ball
1-0: Ground out 3-1 (Groundball, 34)
Bottom of the 9th over - 0 runs, 1 hit, 0 errors, 3 left on base; West Virginia 15 - Purdue 4
Saturday, April 7th, 2018 - OOTP Baseball 18.8 Build 76